 Dungeon Crawl Stone Soup version 0.31.0-10-gcf4a605ca0 (webtiles) character file.

Game seed: 12068153831254029000

623 Flugkiller the Ruffian (level 7, -2/67 HPs)
             Began as a Troll Enchanter on Jan 25, 2024.
             Slain by a kobold brigand
             ... wielding a +2 dagger of venom
              (4 damage)
             ... on level 4 of the Dungeon.
             The game lasted 00:03:58 (3155 turns).

Flugkiller the Ruffian (Troll Enchanter)            Turns: 3155, Time: 00:03:58

Health: -2/67      AC:  5    Str: 19    XL:     7   Next: 22%
Magic:  7/7        EV:  9    Int: 11    God:
Gold:   212        SH:  0    Dex: 10    Spells: 8/8 levels left

rFire   . .          .
                       - Unarmed
rCold   . . .        (no shield)
rNeg    . . .        b - +0 robe
rPois   .            (helmet restricted)
rElec   .            a - +0 cloak
rCorr   .            (gloves unavailable)
SInv    .            (boots unavailable)
Will    .....        (no amulet)
Stlth   ++           (no ring)
HPRegen 1.11/turn    (no ring)
MPRegen 0.10/turn

%: no passive effects
@: lethally poisoned (-2 -> -18)
A: large, unfitting armour, claws 3, regeneration 1, shaggy fur 1, tough skin 1
a: no special abilities


You were on level 4 of the Dungeon.
You visited 1 branch of the dungeon, and saw 6 of its levels.
You also visited: Sewer.

You collected 212 gold pieces.

Inventory:

Missiles
 d - 4 poisoned darts (quivered)
 e - 3 boomerangs
Armour
 a - a +0 cloak (worn)
   (You found it on level 1 of the Dungeon)
 b - a +0 robe (worn)
Jewellery
 g - a ring of ice
   (You found it on level 5 of the Dungeon)
Wands
 c - a wand of polymorph (2)
   (You found it on level 6 of the Dungeon)
 f - a wand of iceblast (19)
   (You found it on level 5 of the Dungeon)


   Skills:
 + Level 3.4 Fighting
 - Level 0.7 Short Blades
 - Level 1.5 Dodging
 - Level 1.5 Stealth
 * Level 6.1 Unarmed Combat
 - Level 1.2 Spellcasting
 - Level 2.0 Hexes
 + Level 0.6 Evocations


You had 8 spell levels left.
You didn't know any spells.
Your spell library contained the following spells:

 Spells                   Type           Power      Damage    Failure   Level
 Ensorcelled Hibernation  Hex/Ice        4%         N/A       32%         2
 Confusing Touch          Hex            5%         N/A       38%         3
 Tukima's Dance           Hex            5%         N/A       38%         3
 Dazzling Flash           Conj/Hex       4%         N/A       54%         3
 Fugue of the Fallen      Necr           0%         N/A       67%         3
 Ozocubu's Armour         Ice            0%         N/A       67%         3
 Manifold Assault         Tloc           0%         N/A       97%         4
 Passage of Golubria      Tloc           0%         N/A       97%         4
 Yara's Violent Unravell  Hex/Alch       1%         3d3       99%         5


Dungeon Overview and Level Annotations

Branches:
Dungeon (6/15) Zot: 26899   Sewer (visited)
 Temple: D:4-7

Altars:
Wu Jian


Innate Abilities, Weirdness & Mutations

You are too large for most types of armour.
You have claws for hands.
Your natural rate of healing is unusually fast.
You are covered in fur. (AC +1)
You have tough skin. (AC +1)


Message History

A kobold comes into view. It is wielding a +0 club.
The kobold barely misses you.
The kobold shouts!
The hobgoblin shouts!
You scratch the kobold but do no damage.
The kobold barely misses you.
You barely miss the kobold. The kobold hits you but does no damage.
You completely miss the kobold.
The kobold shouts!
You completely miss the kobold. The kobold barely misses you.
You claw the kobold!
You kill the kobold!
You scratch the hobgoblin.
The hobgoblin is heavily wounded.
The hobgoblin barely misses you.
You claw the hobgoblin!
You kill the hobgoblin!
You barely miss the hobgoblin. The hobgoblin barely misses you.
You claw the hobgoblin!
You kill the hobgoblin!
The kobold hits you with a +0 club.
You claw the kobold!
You kill the kobold!
You claw the kobold!
You kill the kobold!
No target in view!
Items here: )))).
No target in view!
No target in view!
A kobold comes into view. It is wielding a +0 club.
A kobold is nearby!
A kobold is nearby!
Unknown command.
A kobold comes into view. It is wielding a +0 dagger.
A kobold brigand comes into view.
It is wielding a +0 club and quivering poisoned darts.
A kobold brigand comes into view.
It is wielding a +2 dagger of venom and quivering poisoned darts.
Found a robe.
The kobold brigand shouts!
The kobold hits you but does no damage.
The kobold shouts!
You claw the kobold!
You kill the kobold!
Found 10 gold pieces and a mace.
You see here a +0 club.
You barely miss the kobold brigand. You closely miss the kobold brigand.
You claw the kobold brigand.
The kobold brigand is lightly wounded.
The kobold brigand closely misses you.
The kobold brigand hits you but does no damage.
You are poisoned.
You claw the kobold!
You kill the kobold!
You feel very sick.
The kobold brigand hits you with a +0 club.
The kobold brigand hits you with a +2 dagger of venom.
You scratch the kobold brigand.
The kobold brigand is lightly wounded.
You feel sick. The kobold brigand misses you.
The kobold brigand hits you with a +2 dagger of venom.
You are more poisoned.
You feel very sick.
The kobold brigand hits you with a +0 club.
The kobold brigand hits you with a +2 dagger of venom.
Things that are here:
17 gold pieces; a +0 dagger You claw the kobold brigand!
The kobold brigand is severely wounded.
You feel very sick.
The kobold brigand hits you with a +0 club.
The kobold brigand hits you with a +2 dagger of venom.
You are more poisoned.
You are too injured to fight recklessly!
You are too injured to fight recklessly!
You are too injured to fight recklessly!
You claw the kobold brigand!
You kill the kobold brigand!
You feel very sick.
The kobold brigand hits you with a +2 dagger of venom.
You are more poisoned.
Your Unarmed Combat skill increases to level 6!
You scratch the kobold brigand. You claw the kobold brigand!
The kobold brigand is moderately wounded.
You feel very sick.
The kobold brigand hits you with a +2 dagger of venom.
You are lethally poisoned!
You claw the kobold brigand!
The kobold brigand is severely wounded.
* * * LOW HITPOINT WARNING * * *
You feel extremely sick.
The kobold brigand hits you but does no damage.
You are more poisoned.
You barely miss the kobold brigand.
The kobold brigand is severely wounded.
* * * LOW HITPOINT WARNING * * *
You feel extremely sick.
You claw the kobold brigand!
The kobold brigand is almost dead.
* * * LOW HITPOINT WARNING * * *
You feel extremely sick.
The kobold brigand hits you with a +2 dagger of venom.
You die...

### $)#
[.# ..#
##.. #..#
## ##..#
~~#
#)@##≈≈~#
#K)#≈≈~~#
#..##≈~~#
##..# ~~#
#..# ##
#..# #..#
# #..##
#~##..#


You could see a kobold brigand.

Vanquished Creatures
  A kobold brigand (D:4)
  A bullfrog (D:6)
  A scorpion (D:5)
  A bombardier beetle (D:5)
  3 iguanas
  2 orc wizards (D:5)
  3 gnolls (D:2)
  8 adders
  5 river rats (Sewer)
  2 ribbon worms
  2 dart slugs
  11 orcs
  3 endoplasms
  2 giant cockroaches
  3 goblins
  9 hobgoblins
  2 jackals (D:1)
  4 quokkas
  12 ball pythons
  3 bats
  2 frilled lizards
  24 kobolds
  30 rats
134 creatures vanquished.

Notes
Turn   | Place    | Note
-------+----------+-------------------------------------------
     0 | D:1      | Flugkiller the Troll Enchanter began the quest for the Orb.
     0 | D:1      | Reached XP level 1. HP: 16/16 MP: 1/1
   246 | D:1      | Reached skill level 1 in Unarmed Combat
   367 | D:1      | Reached XP level 2. HP: 26/26 MP: 2/2
   602 | D:1      | Reached skill level 1 in Fighting
   995 | D:2      | Reached skill level 2 in Unarmed Combat
  1081 | D:2      | Reached XP level 3. HP: 30/33 MP: 3/3
  1175 | D:2      | Reached XP level 4. HP: 29/41 MP: 4/4
  1177 | D:2      | Reached skill level 3 in Unarmed Combat
  1677 | D:3      | Found an ornate altar of the Wu Jian Council.
  1681 | D:3      | You fall into a shaft and drop 3 floors!
  1682 | D:6      | Noticed a bullfrog
  1699 | D:6      | Killed a bullfrog
  1700 | D:6      | Reached skill level 4 in Unarmed Combat
  1700 | D:6      | Reached XP level 5. HP: 37/49 MP: 5/5
  1758 | D:5      | Entered Level 5 of the Dungeon
  1821 | D:5      | Found a glowing drain.
  1825 | Sewer    | Entered a sewer
  2118 | Sewer    | Reached XP level 6. HP: 59/59 MP: 6/6
  2173 | Sewer    | Reached skill level 5 in Unarmed Combat
  2980 | D:5      | Reached XP level 7. HP: 67/67 MP: 7/7
  3152 | D:4      | Reached skill level 6 in Unarmed Combat
  3155 | D:4      | HP: 2/67 [poisoned by a kobold brigand]
  3155 | D:4      | Slain by a kobold brigand

Illustrated notes

Levels and vault maps discovered:
D:1:      minmay_arrival_open_corners, layout_loops_corners
D:2:      layout_loops_cross
D:3:      layout_rooms, mainiacjoe_overflow_big_doors,
          nicolae_wu_jian_wuxing_cycle, nicolae_uskayaw_murder_on_the_dancefloor
D:4:      cheibrodos_thug_alley, layout_loops_ring, lemuel_doored_altar,
          mainiacjoe_overflow_catwalk, overflow_temple_1_default,
          mainiacjoe_overflow_surrounded_room, minmay_temple_entry_arrows,
          kennysheep_decorative_pillar, nicolae_goblin_pals,
          uniq_crazy_yiuf_cottage
D:5:      minmay_goblin_kobold_castle, layout_basic,
          mainiacjoe_sewer_entry_somewhere_in_here_2, grunt_decor_resistance
D:6:      layout_basic, minmay_checkerbox, uniq_sigmund, uniq_jeremiah

Skill      XL: |  1  2  3  4  5  6  7 |
---------------+----------------------+-----
Unarmed Combat | 1 2 4 5 6 |  6.1
Fighting       | 1 2 3 |  3.4
Short Blades   | |  0.7
Dodging        | |  1.5
Stealth        | |  1.5
Spellcasting   | |  1.2
Hexes          | |  2.0
Evocations     | |  0.6

Action                     |  1- 3 |  4- 6 |  7- 9 || total
---------------------------+-------+-------+-------++-------
  Melee: Unarmed           |   119 |   236 |    39 ||   394
         Punch             |     2 |     3 |     2 ||     7
   Stab: Sleeping          |     2 |     4 |       ||     6
 Armour: Robe              |    81 |   200 |    25 ||   306
  Dodge: Dodged            |    56 |    99 |    12 ||   167
